 Dungeon Crawl Stone Soup version 0.24.1 (webtiles) character file.

Game seed: 13975123777115274123, levelgen mode: deterministic

161 Destapler the Grave Robber (level 5, -1/28 HPs)
             Began as a Deep Elf Necromancer on Mar 27, 2020.
             Blown up by Ijyb (24 damage)
             ... with a disintegration bolt
             ... on level 4 of the Dungeon.
             The game lasted 00:20:49 (2941 turns).

Destapler the Grave Robber (Deep Elf Necromancer)   Turns: 2941, Time: 00:20:50

Health: -1/28      AC:  4    Str:  6    XL:     5   Next: 19%
Magic:  10/12      EV: 14    Int: 20    God:
Gold:   208        SH:  0    Dex: 15    Spells: 3/11 levels left

rFire    . . .     SeeInvis +   a - +2 dagger (venom)
rCold    . . .     Gourm    .   (no shield)
rNeg     . . .     Faith    .   r - +0 robe
rPois    .         Spirit   .   (no helmet)
rElec    .         Reflect  .   p - +0 cloak
rCorr    .         Harm     .   (no gloves)
MR       .....                  v - +0 pair of boots
Stlth    +++.......             e - amulet of regeneration
HPRegen  0.49/turn              y - ring of see invisible
MPRegen  0.13/turn              (no ring)

@: no status effects
A: no striking features
a: no special abilities


You were on level 4 of the Dungeon.
You were not hungry.

You visited 1 branch of the dungeon, and saw 4 of its levels.

You collected 208 gold pieces.

Inventory:

Hand Weapons
 a - a +2 dagger of venom (weapon)
Missiles
 d - 97 stones (quivered)
 j - 18 poisoned darts
Armour
 p - a +0 cloak (worn)
 r - a +0 robe (worn)
 v - a +0 pair of boots (worn)
Jewellery
 e - an amulet of regeneration (around neck)
 y - a ring of see invisible (left hand)
Wands
 q - a wand of random effects (19)
 x - a wand of iceblast (8)
Scrolls
 g - 3 scrolls of teleportation
 i - a scroll of identify {unknown}
 k - a scroll of blinking {unknown}
 s - a scroll of enchant armour {unknown}
Potions
 b - a potion of agility {unknown}
 f - a potion of berserk rage {unknown}
 h - a potion of flight {unknown}
 m - a potion of degeneration {unknown}
 n - a potion of might {unknown}
 o - a potion of resistance {unknown}
 t - a potion of brilliance {unknown}
 u - 2 potions of cancellation {unknown}
 w - 2 potions of curing {unknown}
Comestibles
 c - 3 rations
 l - 2 chunks of flesh


   Skills:
 - Level 3.4 Dodging
 + Level 4.8 Stealth
 + Level 3.8 Spellcasting
 * Level 2.5 Charms
 + Level 5.3 Necromancy


You had 3 spell levels left.
You knew the following spells:

 Your Spells              Type           Power        Failure   Level  Hunger
a - Pain                  Necr           ####         1%          1    None
b - Animate Dead          Necr           N/A          14%         4    ####...
r - Regeneration          Chrm/Necr      ###.......   8%          3    ###....

Your spell library contained the following spells:

 Spells                   Type           Power        Failure   Level  Hunger
 Animate Skeleton         Necr           N/A          1%          1    None
 Vampiric Draining        Necr           ####......   4%          3    ###....


Dungeon Overview and Level Annotations

Branches:
Dungeon (4/15)
 Temple: D:4-7

Altars:
Elyvilon
Xom

Annotations:
D:4 Ijyb


Message History

Ijyb zaps a wand.
You struggle to resist.
You hit Ijyb.
Ijyb is lightly wounded.
Ijyb zaps a wand.
You struggle to resist.
Casting: Pain (safe; 1% risk of failure)
Confirm with . or Enter, or press ? or * to list all spells.
Aiming: Pain (safe; 1% risk of failure)
Press: ? - help, Shift-Dir - straight line, f - Ijyb
Aim: Ijyb, wearing a +0 leather armour and carrying a wand of disintegration (19) (lightly wounded, chance to defeat MR: 89%) Ijyb writhes in agony!
Ijyb hits you.
Casting: Pain (safe; 1% risk of failure)
Confirm with . or Enter, or press ? or * to list all spells.
Aiming: Pain (safe; 1% risk of failure)
Press: ? - help, Shift-Dir - straight line, f/p - Ijyb
Aim: Ijyb, wearing a +0 leather armour and carrying a wand of disintegration (19) (heavily wounded, chance to defeat MR: 89%) Ijyb writhes in agony.
Ijyb screams, "Die!"
Ijyb zaps a wand.
You are blasted!
Ouch! That really hurt!
You die...

#.........###
#.###.......#
#.##.#.##.#.##
####.#.###.......
#.....## ##....##
#.##.#.###.....#
#.##.##.#.##.#.#
###.##.###.###.#.#
#g@..............#
#.#.#.########'###
#.#.#.# ##...##
#.#.#.# ##.....##
#.....# ##.......#
###.....####.........
.........).'.........
##.....####.........
#.....# ##.......#


You could see Ijyb.

Vanquished Creatures
  2 worker ants (D:4)
  4 adders
  An ooze (D:3)
  A worm (D:2)
  3 leopard geckos
  An orc (D:3)
  10 bats
  3 giant cockroaches
  7 goblins
  10 hobgoblins
  3 jackals
  6 kobolds
  2 quokkas
  2 ball pythons (D:2)
  6 frilled lizards
  6 rats
67 creatures vanquished.

Notes
Turn   | Place    | Note
-------+----------+-------------------------------------------
     0 | D:1      | Destapler the Deep Elf Necromancer began the quest for the
                  | Orb.
     0 | D:1      | Reached XP level 1. HP: 10/10 MP: 6/6
   274 | D:1      | Reached XP level 2. HP: 7/15 MP: 5/8
  1066 | D:1      | Reached XP level 3. HP: 19/19 MP: 7/9
  1121 | D:1      | Learned a level 3 spell: Regeneration
  1431 | D:2      | Reached skill level 5 in Necromancy
  1604 | D:2      | Reached XP level 4. HP: 24/24 MP: 8/11
  1936 | D:2      | Learned a level 4 spell: Animate Dead
  2101 | D:3      | Found a white marble altar of Elyvilon.
  2164 | D:3      | Found a shimmering altar of Xom.
  2289 | D:3      | Reached skill level 1 in Charms
  2439 | D:3      | Found a faded altar of an unknown god.
  2817 | D:4      | Reached XP level 5. HP: 28/28 MP: 12/12
  2937 | D:4      | Noticed Ijyb
  2941 | D:4      | Blown up by Ijyb

Levels and vault maps discovered:
D:1:      psy_arrival_dodecagon, layout_basic, minmay_3d_cube
D:2:      layout_loops_ring, kennysheep_cross_room, minmay_pentomino_z2
D:3:      layout_loops_ring, xom_butterflies, elyvilon_altar_5,
          chequers_ecumenical_altar_island, minmay_misc_feat_chi,
          minmay_quadrilaterals
D:4:      layout_loops_corners, uniq_ijyb

Skill      XL: |  1  2  3  4 |
---------------+-------------+-----
Stealth        | 3 4 |  4.8
Dodging        | 3 |  3.4
Necromancy     | 5 |  5.3
Charms         | 2 |  2.5
Spellcasting   | |  3.8

Action                   |  1- 3 |  4- 6 || total
-------------------------+-------+-------++-------
Melee: Unarmed           |    37 |       ||    37
       Dagger            |    27 |    45 ||    72
       Hunting sling     |     1 |       ||     1
 Cast: Pain              |    39 |    13 ||    52
       Regeneration      |     1 |     1 ||     2
       Animate Dead      |       |     1 ||     1
  Use: Scroll            |     4 |     2 ||     6
 Stab: Sleeping          |     7 |     8 ||    15
  Eat: Chunk             |     2 |     5 ||     7
Armor: Robe              |    37 |     8 ||    45
Dodge: Dodged            |    76 |    21 ||    97
